 Dungeon Crawl Stone Soup version 0.27.1-33-g824d729ab1 (webtiles) character file.

Game seed: 2184630629532806948

655325 tanglemaster the Sensei (level 27, -7/243 (253) HPs)
             Began as an Octopode Hedge Wizard on Dec 23, 2021.
             Was the Champion of Cheibriados.
             Killed from afar by a monstrous blood saint (18 damage)
             ... with an iceblast
             ... on level 13 of a ziggurat.
             The game lasted 02:23:13 (59286 turns).

tanglemaster the Sensei (Octopode Hedge Wizard)    Turns: 59286, Time: 02:23:13

HP:   -7/243 (253)  AC: 44    Str: 35    XL:     27
MP:   36/42         EV: 37    Int: 44    God:    Cheibriados [******]
Gold: 1776          SH: 17    Dex: 30    Spells: 19/56 levels left

rFire    + + +     SeeInvis .     - Unarmed
rCold    + . .     Faith    .   P - +0 kite shield
rNeg     + + .     Spirit   .   m - +2 hood of the Assassin {Detection Stab+ Stlth++}
rPois    ∞         Reflect  .   i - amulet of magic regeneration
rElec    +         Harm     .   w - ring "Beamno" {Wiz Fly rElec rF+ Int+2}
rCorr    .         Rampage  .   d - +4 ring of protection
Will     +++++                  T - ring of the Harvest {rC+ Will+ Str+4}
Stlth    ++++++++++             x - +4 ring of protection
HPRegen  1.50/turn              A - ring of Ujeasoc {Fly rPois EV+4 Str+2 Int+6}
MPRegen  0.53/turn              E - +4 ring of protection
                                f - ring of Yha Lejo {rF+ Will+ EV+4 Stlth-}
                                H - ring of Ceagoz {rElec rF+ rN+}

@: statue-form, weakened, flying, studying 3 skills, lightly drained, very slow
A: slow and powerful, torment resistance 1, boosted hp, almost no armour,
amphibious, 8 rings, camouflage 1, (gelatinous body 1), (nimble swimmer 1),
tentacles, clever 1, clumsy 1, strong-willed 1, regeneration 1, screaming 1, no
potion heal 1, subdued magic 1
}: 4/15 runes: decaying, serpentine, silver, abyssal
a: End Transformation, Renounce Religion, Bend Time, Temporal Distortion,
Slouch, Step From Time


You were on level 13 of a ziggurat.
You worshipped Cheibriados.
Cheibriados was exalted by your worship.
You were a living statue of rough stone.
You visited 10 branches of the dungeon, and saw 48 of its levels.
You visited the Abyss 1 time.
You visited 1 bazaar.
You visited 1 ziggurat, and saw 13 of its levels.
You also visited: Gauntlet and Volcano.

You collected 7739 gold pieces.
You spent 5963 gold pieces at shops.

Inventory:

Hand Weapons
 a - the +5 quick blade "Bemeore" {vorpal, Dex+4}
   (You acquired it on level 4 of the Dungeon)

   It inflicts extra damage upon your enemies.
   Dex:       It affects your dexterity (+4).
Missiles
 k - 5 throwing nets
Armour
 m - the +2 hood of the Assassin (worn) {Detection Stab+ Stlth++}
   (You bought it in a shop on level 4 of the Snake Pit)

   It allows the wearer to sense nearby creatures.
   It allows the wearer to make particularly effective stabbing attacks against
   helpless or unaware enemies with any weapon.
   Stlth:     It makes you much more stealthy.
 P - a +0 kite shield (worn)
 R - a +0 tower shield
Jewellery
 b - the ring "Kawiah" {rPois rC+ rN+ Str+2 SInv}
   (You found it on level 3 of the Crypt)

   [ring of positive energy]

   Str:       It affects your strength (+2).
   rC:        It protects you from cold.
   rPois:     It protects you from poison.
   rN:        It protects you from negative energy.
   SInv:      It lets you see invisible.
 c - a ring of resist corrosion
 d - a +4 ring of protection (right tentacle)
 f - the ring of Yha Lejo (on tentacle) {rF+ Will+ EV+4 Stlth-}
   (You bought it in a shop on level 2 of the Orcish Mines)

   [ring of evasion]

   EV:        It affects your evasion (+4).
   rF:        It protects you from fire.
   Will:      It increases your willpower.
   Stlth:     It makes you less stealthy.
 h - the ring "Runumiro" {rElec rC+ rN+ MP+9}
   (You found it on level 3 of the Crypt)

   [ring of positive energy]

   rC:        It protects you from cold.
   rElec:     It insulates you from electricity.
   rN:        It protects you from negative energy.
   MP:        It affects your magic capacity (+9).
 i - an amulet of magic regeneration (around mantle)
 w - the ring "Beamno" (left tentacle) {Wiz Fly rElec rF+ Int+2}
   (You took it off an ironbound convoker on level 5 of the Vaults)

   [ring of wizardry]

   It improves your spell success rate.
   Int:       It affects your intelligence (+2).
   rF:        It protects you from fire.
   rElec:     It insulates you from electricity.
   Fly:       It grants you flight.
 x - a +4 ring of protection (on tentacle)
 z - the amulet "Byph" {Acrobat +Blink +Inv Regen+ Str-3}
   (You found it on level 4 of a ziggurat)

   [amulet of the acrobat]

   It increases your evasion while moving and waiting.
   Str:       It affects your strength (-3).
   +Inv:      It lets you turn invisible.
   +Blink:    It lets you blink.
   Regen:     It increases your rate of health regeneration.
 A - the ring of Ujeasoc (on tentacle) {Fly rPois EV+4 Str+2 Int+6}
   (You found it on level 10 of a ziggurat)

   [ring of evasion]

   EV:        It affects your evasion (+4).
   Str:       It affects your strength (+2).
   Int:       It affects your intelligence (+6).
   rPois:     It protects you from poison.
   Fly:       It grants you flight.
 E - a +4 ring of protection (on tentacle)
 G - the ring of Yxuv {rF+ EV+4}
   (You found it on level 6 of a ziggurat)

   [ring of evasion]

   EV:        It affects your evasion (+4).
   rF:        It protects you from fire.
 H - the ring of Ceagoz (on tentacle) {rElec rF+ rN+}
   (You found it in a Gauntlet)

   [ring of protection from fire]

   rF:        It protects you from fire.
   rElec:     It insulates you from electricity.
   rN:        It protects you from negative energy.
 O - the ring of Amorality {rCorr EV+4}
   (You found it on level 7 of a ziggurat)

   [ring of evasion]

   EV:        It affects your evasion (+4).
   rCorr:     It protects you from acid and corrosion.
 T - the ring of the Harvest (on tentacle) {rC+ Will+ Str+4}
   (You found it on level 6 of the Lair of Beasts)

   [ring of protection from cold]

   Str:       It affects your strength (+4).
   rC:        It protects you from cold.
   Will:      It increases your willpower.
Wands
 p - a wand of iceblast (54)
 s - a wand of digging (18)
 u - a wand of acid (35)
 V - a wand of paralysis (39)
Scrolls
 g - 15 scrolls of enchant weapon
 j - 5 scrolls of fog
 n - 2 scrolls of silence
 o - 7 scrolls of magic mapping
 y - 11 scrolls of enchant armour
 B - 4 scrolls of immolation
 C - 38 scrolls of identify
 D - 11 scrolls of amnesia
 S - 20 scrolls of teleportation
 U - 6 scrolls of blinking
 Y - 2 scrolls of summoning
Potions
 e - 12 potions of curing
 l - 9 potions of cancellation
 q - 8 potions of flight
 r - 2 potions of mutation
 v - 5 potions of attraction
 F - 6 potions of ambrosia
 K - 7 potions of lignification
 L - 9 potions of brilliance
 M - 4 potions of heal wounds
 N - 6 potions of might
 Q - 2 potions of resistance
 W - 3 potions of invisibility
 X - a potion of magic
Miscellaneous
 t - a lightning rod (4/4)
 I - a tin of tremorstones (2/2)
 J - a phial of floods


   Skills:
 - Level 18.0 Fighting
 - Level 8.0 Short Blades
 - Level 7.0(7.5) Maces & Flails
 - Level 3.8(5.9) Staves
 - Level 15.0 Dodging
 - Level 18.0 Stealth
 - Level 15.0 Shields
 - Level 24.2 Unarmed Combat
 - Level 15.0 Spellcasting
 - Level 3.0 Conjurations
 - Level 2.0 Summonings
 - Level 2.0 Translocations
 + Level 17.3 Transmutations
 - Level 2.0 Fire Magic
 + Level 13.2 Air Magic
 - Level 10.0 Earth Magic
 - Level 5.0 Poison Magic
 - Level 15.0 Invocations
 - Level 7.1 Evocations


You had 19 spell levels left.
You knew the following spells:

 Your Spells              Type           Power      Damage    Failure   Level
a - Fireball              Conj/Fire      21%        3d10      2%          5
b - Blink                 Tloc           N/A        N/A       1%          2
e - Mephitic Cloud        Conj/Pois/Air  65%        N/A       1%          3
g - Sublimation of Blood  Necr           12%        N/A       1%          2
h - Passage of Golubria   Tloc           N/A        N/A       1%          4
A - Apportation           Tloc           76%        N/A       1%          1
F - Summon Forest         Summ/Tloc      19%        N/A       3%          5
R - Storm Form            Tmut/Air       45%        N/A       1%          7
S - Wereblood             Tmut           97%        N/A       0%          2
T - Statue Form           Tmut/Erth      58%        N/A       1%          6

Your spell library contained the following spells:

 Spells                   Type           Power      Damage    Failure   Level
 Beastly Appendage        Tmut           100%       N/A       0%          1
 Sting                    Tmut/Pois      100%       1d8       0%          1
 Passwall                 Tmut/Erth      72%        N/A       0%          2
 Poisonous Vapours        Pois/Air       100%       N/A       0%          2
 Static Discharge         Conj/Air       69%        N/A       0%          2
 Spider Form              Tmut/Pois      39%        N/A       0%          3
 Swiftness                Air            86%        N/A       0%          3
 Petrify                  Tmut/Erth      87%        N/A       0%          4
 Blade Hands              Tmut           48%        N/A       0%          5
 Animate Skeleton         Necr           50%        N/A       1%          1
 Corona                   Hex            27%        N/A       1%          1
 Foxfire                  Conj/Fire      100%       2x1d9     1%          1
 Freeze                   Ice            100%       1d11      1%          1
 Magic Dart               Conj           100%       1d8       1%          1
 Pain                     Necr           100%       1d9       1%          1
 Summon Small Mammal      Summ           100%       N/A       1%          1
 Call Imp                 Summ           38%        N/A       1%          2
 Corpse Rot               Necr/Air       N/A        N/A       1%          2
 Ensorcelled Hibernation  Hex/Ice        50%        N/A       1%          2
 Searing Ray              Conj           90%        3d6       1%          2
 Slow                     Hex            25%        N/A       1%          2
 Call Canine Familiar     Summ           38%        N/A       1%          3
 Confusing Touch          Hex            25%        N/A       1%          3
 Conjure Flame            Conj/Fire      42%        6-21      1%          3
 Dazzling Flash           Conj/Hex       70%        N/A       1%          3
 Frozen Ramparts          Ice            50%        1d7       1%          3
 Gell's Gravitas          Tloc           19%        N/A       1%          3
 Ignite Poison            Fire/Tmut/Pois 69%        N/A       1%          3
 Inner Flame              Hex/Fire       32%        N/A       1%          3
 Lesser Beckoning         Tloc           19%        N/A       1%          3
 Ozocubu's Armour         Ice            25%        N/A       1%          3
 Portal Projectile        Hex/Tloc       64%        N/A       1%          3
 Stone Arrow              Conj/Erth      100%       3d13      1%          3
 Teleport Other           Tloc           38%        N/A       1%          3
 Tukima's Dance           Hex            25%        N/A       1%          3
 Vampiric Draining        Necr           12%        2d7       1%          3
 Fulminant Prism          Conj/Hex       17%        3d11      1%          4
 Hailstorm                Conj/Ice       35%        3d9       1%          4
 Ice Form                 Ice/Tmut       71%        N/A       1%          4
 Iskenderun's Mystic Bla  Conj/Tloc      42%        2d10      1%          4
 Leda's Liquefaction      Hex/Erth       28%        N/A       1%          4
 Olgreb's Toxic Radiance  Pois           56%        N/A       1%          4
 Summon Ice Beast         Ice/Summ       32%        N/A       1%          4
 Summon Lightning Spire   Summ/Air       67%        N/A       1%          4
 Alistair's Intoxication  Tmut/Pois      52%        N/A       1%          5
 Bolt of Magma            Conj/Fire/Erth 28%        4d13      1%          5
 Freezing Cloud           Conj/Ice/Air   29%        6-21      1%          5
 Iskenderun's Battlesphe  Conj           45%        2d10      1%          5
 Lightning Bolt           Conj/Air       34%        1d52      1%          5
 Yara's Violent Unravell  Hex/Tmut       35%        3d14      1%          5
 Conjure Ball Lightning   Conj/Air       34%        3x3d11    1%          6
 Dragon Form              Tmut           48%        N/A       1%          7
 Animate Dead             Necr           12%        N/A       2%          4
 Cause Fear               Hex            12%        N/A       2%          4
 Dispel Undead            Necr           25%        3d12      2%          4
 Iron Shot                Conj/Erth      31%        9d6       2%          6
 Summon Mana Viper        Hex/Summ       32%        N/A       4%          5
 Agony                    Necr           25%        N/A       8%          5
 Excruciating Wounds      Necr           12%        N/A       8%          5
 Metabolic Englaciation   Hex/Ice        12%        N/A       8%          5
 Maxwell's Capacitive Co  Air            43%        ∞         8%          8
 Starburst                Conj/Fire      21%        6d7       16%         6
 Dispersal                Tloc           19%        N/A       19%         6
 Shadow Creatures         Summ           N/A        N/A       19%         6
 Death Channel            Necr           12%        N/A       38%         6
 Invisibility             Hex            12%        N/A       38%         6
 Simulacrum               Ice/Necr       12%        N/A       38%         6
 Necromutation            Tmut/Necr      35%        N/A       45%         8
 Orb of Destruction       Conj           22%        9d9       54%         7
 Spellforged Servitor     Conj/Summ      21%        N/A       63%         7
 Malign Gateway           Summ/Tloc      19%        N/A       69%         7
 Monstrous Menagerie      Summ           19%        N/A       69%         7
 Summon Hydra             Summ           19%        N/A       69%         7
 Lehudib's Crystal Spear  Conj/Erth      31%        10d8      77%         8
 Haunt                    Necr/Summ      16%        N/A       82%         7
 Ozocubu's Refrigeration  Ice            12%        4d7       91%         7
 Shatter                  Erth           37%        3d30*     99%         9
 Borgnjor's Revivificati  Necr           12%        N/A       100%        8
 Discord                  Hex            12%        N/A       100%        8
 Disjunction              Tloc           19%        N/A       100%        8
 Ignition                 Fire           19%        3d7       100%        8
 Infestation              Necr           12%        N/A       100%        8
 Chain Lightning          Conj/Air       34%        3d46      100%        9
 Death's Door             Necr           12%        N/A       100%        9
 Fire Storm               Conj/Fire      21%        8d5       100%        9
 Polar Vortex             Ice            12%        N/A       100%        9
 Animate Armour           Summ/Erth      Unusable   N/A       N/A         4

Dungeon Overview and Level Annotations

Branches:
Dungeon (15/15)            Temple (1/1) D:4            Lair (6/6) D:11
  Swamp (4/4) Lair:2        Snake (4/4) Lair:4        Slime (0/5) Lair:6
    Orc (2/2) D:11            Elf (3/3) Orc:2        Vaults (5/5) D:14
  Crypt (3/3) Vaults:3       Tomb (0/3) Crypt:3      Depths (5/5) D:15
    Zot (0/5) Depths:5    Volcano (visited)         Gauntlet (visited)

Altars:
Ashenzari
Cheibriados
Dithmenos
Elyvilon
Fedhas
Hepliaklqana
Kikubaaqudgha
Makhleb
Okawaru
Qazlal
Ru
Sif Muna
Trog
Uskayaw
Vehumet
Wu Jian
Xom
Yredelemnul
Zin
The Shining One
Beogh

Shops:
D:6 [   D:8 ?   Orc:2 *(*=[?=   Elf:2 [   Snake:4 !*[   Vaults:1 :   Vaults:2 (
Vaults:3 (   Depths:1 ?   Depths:4 [

Portals:
Hell: Depths:1 Depths:3 Depths:4 Depths:5
Abyss: Depths:1 Depths:2 Depths:3 Depths:4
Pandemonium: Depths:3 Depths:5

Annotations:
D:4 2 runed translucent doors
D:9 exclusion: downstairs
D:10 3 runed translucent doors, exclusions: 3 doors and downstairs, mrw3rdna's ghost, novice DsNe
Lair:3 exclusion: oklob plant
Lair:4 exclusion: 2 oklob plants
Lair:6 exclusion: 4 oklob plants
Elf:1 1 runed translucent door, Xihoome's ghost, veteran MiGl
Elf:2 3 runed translucent doors, 2 transporters, Powertoast's ghost, adept HOFi
Depths:1 3 runed translucent doors, Desoskoci's ghost, adept TrMo


Innate Abilities, Weirdness & Mutations

You are a living statue of rough stone.
Your actions are slow, but your melee attacks are powerful.
You are resistant to unholy torment.
Your maximum health is greatly increased.
You are immune to poison.
You cannot wear most types of armour.
You are amphibious.
You can wear up to eight rings at the same time.
Your skin changes colour to match your surroundings (Stealth+).
((Your rubbery body absorbs attacks. (AC +1, EV +1)))
((You are camouflaged near water. (Stealth+)))
You have tentacles for arms and can constrict up to eight enemies at once.
Your mind is acute. (Int +2)
You are clumsy. (Dex -2)
You are strong-willed. (Will+)
Your natural rate of healing is unusually fast.
You occasionally shout uncontrollably at your foes.
Potions are less effective at restoring your health.
Your spells are a little easier to cast, but a little less powerful.


Message History

The Brimstone Fiend closely misses you. You block the Brimstone Fiend's attack.
The Brimstone Fiend hits you!
* * * LOW HITPOINT WARNING * * *
You partially resist.
You feel drained.
Unknown command.
Unknown command.
Unknown command.
Your system partially rejects the healing.
You feel much better.
The Tzitzimitl is no longer dazed.
Nuonn hits you!!
* * * LOW HITPOINT WARNING * * *
You feel as though you will be weak longer.
The monstrous black sun is lost in a daze.
The monstrous demonspawn is lost in a daze.
The Tzitzimitl calls on the powers of darkness!
Your body is wracked with pain!
* * * LOW HITPOINT WARNING * * *
You block the monstrous black sun's attack. x2
The monstrous black sun completely misses you.
The monstrous demonspawn barely misses you.
You block the monstrous demonspawn's attack.
The monstrous demonspawn gores you but does no damage.
Nuonn hits you.
* * * LOW HITPOINT WARNING * * *
You partially resist.
You feel drained. The Brimstone Fiend hits you!
* * * LOW HITPOINT WARNING * * *
You partially resist.
You feel drained. The Brimstone Fiend closely misses you.
You block the Brimstone Fiend's attack.
Unknown command.
Unknown command.
Unknown command.
Blink to where?
Press: ? - help, Dir - move target
Found eight items.
As you read the scroll of blinking, it crumbles to dust.
The monstrous blood saint conjures a destructive force in the name of Makhleb!
The ghostly flame explodes!
The ghostly fireball engulfs you. You partially resist.
You feel drained.
* * * LOW HITPOINT WARNING * * *
The mass of ice explodes!
The iceblast engulfs you!! You partially resist.
You die...

▓..§§...)1......
▓...§§..§.1..).......[[
▓∩..§§..6&6.........."?
▓.........6..........:)
▓........6...........|[
▓....................
▓..................
▓▓▓▓▓▓▓▓.........▓
▓.......8.▓ .........▓
.........▓ ▓▓▓▓▓▓▓▓▓▓


You could see Nuonn (black mark, resistant), a Tzitzimitl (black mark,
resistant, misshapen), a monstrous demonspawn (berserk, black mark, dazed), a
monstrous black sun (fast, strong, black mark, dazed) and 2 demonspawn.

Vanquished Creatures
  3 dread liches
  Khufu (Crypt:3)
  A pandemonium lord (Zig:3)
  3 ancient liches
  Mara (Swamp:3)
  A juggernaut (Depths:5)
  Sojobo (Vaults:2)
  A royal mummy (Zig:10)
  Frederick (Crypt:3)
  13 caustic shrikes
  Xtahua (Crypt:3)
  A golden dragon (Depths:5)
  Jory (Vaults:5)
  4 bone dragons
  2 profane servitors
  A hellephant (Zig:4)
  A Brimstone Fiend (Zig:13)
  5 tentacled monstrosities
  Jorgrun (Snake:1)
  A deep elf blademaster (Elf:3)
  6 liches
  3 quicksilver dragons
  2 deep elf master archers (Elf:3)
  An acid blob (Zig:9)
  An Executioner (Zig:13)
  4 ancient champions
  5 titans
  6 tentacled starspawn
  A warmonger (Zig:13)
  3 storm dragons (Vaults:5)
  11 tengu reavers
  6 sphinxes
  4 shadow dragons
  5 nagarajas
  A daeva (Depths:1)
  A rockslime (Zig:9)
  A revenant (Crypt:3)
  A draconian monk (Zig:7)
  A fenstrider witch (Swamp:3)
  2 azure jellies (Zig:9)
  15 fire giants
  7 deep elf sorcerers
  A draconian knight (Depths:5)
  A draconian scorcher (Depths:5)
  2 orc warlords
  3 cacodemons
  7 frost giants
  6 iron dragons
  14 vault wardens
  A draconian shifter (Zig:7)
  2 balrugs
  2 angels
  3 curse skulls
  5 deep elf elementalists
  8 ghouls
  A quicksilver ooze (Zig:9)
  The ghost of PostageStamp the Stormcaller, a journeyman TeAE of Fedhas (D:14)
  3 spriggan defenders
  A war gargoyle (Vaults:5)
  A draconian annihilator (Depths:5)
  A reaper (Zig:3)
  21 stone giants
  20 ironbound preservers
  A caustic shrike skeleton (Depths:4)
  10 very ugly things
  10 deep elf demonologists
  3 vampire knights
  A black sun (Zig:13)
  5 black draconians
  2 entropy weavers
  The ghost of Uvvog the Reanimator, a journeyman GnNe of Gozag (D:12)
  4 bunyips (Swamp:4)
  A green draconian (Zig:7)
  11 deep elf annihilators
  A yellow draconian (Depths:5)
  2 white draconians
  A minotaur (Gauntlet)
  3 purple draconians
  3 dire elephants
  Azrael (Elf:1)
  4 eidola
  A green death (Abyss:3)
  2 pearl dragon zombies (Depths:1)
  4 eleionomae
  6 deep elf death magi
  Josephine (D:11)
  Snorg (Lair:5)
  3 blizzard demons
  An ettin (shapeshifter) (Depths:3)
  10 deep elf high priests
  2 merfolk impalers
  16 ettins
  8 fire dragons
  4 merfolk javelineers
  16 jiangshi
  3 mummy priests
  25 yaktaur captains
  4 ironbound thunderhulks
  A hell beast (Zig:13)
  9 naga warriors
  2 peacekeepers
  2 shambling mangroves (Swamp:4)
  7 rakshasas
  24 hydras
  11 boulder beetles
  2 ghost crabs (Swamp:4)
  A monstrous demonspawn (Depths:3)
  4 ice dragons
  10 great orbs of eyes
  A fenstrider witch zombie (Crypt:2)
  8 centaur warriors
  34 vault guards
  5 ogre magi
  2 catoblepae
  9 death knights
  5 alligators
  10 ironbound frosthearts
  17 anacondas
  4 spriggan air magi
  5 merfolk aquamancers (Zig:12)
  A two-headed ogre (shapeshifter) (Vaults:5)
  14 two-headed ogres
  12 dancing weapons
  7 tengu warriors
  7 deep troll shamans
  A death scarab (Zig:10)
  14 deep troll earth magi
  6 thrashing horrors
  4 shock serpents
  5 vampire magi
  3 hell hogs (Depths:1)
  A death yak (shapeshifter) (Vaults:5)
  12 death yaks
  3 ironbound beastmasters
  A sun demon (Abyss:3)
  9 spriggan berserkers
  11 hell knights
  13 naga sharpshooters
  2 soul eaters
  13 deep elf knights
  A fire crab (Gauntlet)
  Sonja (Lair:6)
  5 wretched stars
  2 salamander mystics
  A titan skeleton (Depths:3)
  37 skeletal warriors
  A death drake (shapeshifter) (Vaults:5)
  4 goliath frogs
  9 iron trolls
  61 deep trolls
  7 shadow wraiths
  An iron giant zombie (Crypt:1)
  2 spriggan druids
  A shadow demon (Depths:3)
  A storm dragon skeleton (Depths:2)
  2 death drakes (Zig:8)
  A golden dragon zombie (Depths:4)
  2 sixfirhies
  9 glowing orange brains
  3 naga ritualists
  An infernal demonspawn (Depths:3)
  An anaconda zombie (Crypt:2)
  6 flayed ghosts
  6 sea snakes
  A golden dragon skeleton (Zig:10)
  9 swamp dragons
  2 tengu zombies
  9 wizards
  3 obsidian statues
  3 bog bodies
  2 orange crystal statues (Abyss:3)
  12 deep elf archers
  6 mana vipers
  16 ironbound convokers
  9 lindwurms
  29 deep elf zephyrmancers
  9 necromancers
  2 wolf spider zombies
  11 phantasmal warriors
  14 orc knights
  12 harpies
  4 orc sorcerers
  5 cyclopes
  2 human zombies
  A frost giant zombie (Vaults:1)
  2 wolf spiders (Lair:6)
  A shadow dragon skeleton (Abyss:1)
  38 deep elf pyromancers
  A wolf spider (shapeshifter) (Vaults:5)
  2 will-o-the-wisps
  6 worldbinders
  4 apis skeletons (Depths:1)
  An elephant (shapeshifter) (Depths:5)
  A shining eye (Zig:9)
  51 ugly things
  11 salamanders
  4 moths of wrath (Vaults:4)
  8 manticores
  2 ice statues (Zig:4)
  An eye of devastation (Abyss:3)
  A frost giant skeleton (Depths:2)
  2 iron dragon skeletons
  3 sphinx skeletons
  19 elephants
  3 water nymphs (Zig:12)
  2 fire giant skeletons
  A torpor snail (shapeshifter) (Vaults:5)
  A merfolk siren (Zig:12)
  30 black mambas
  11 guardian serpents
  9 smoke demons
  An eye of devastation (shapeshifter) (Zig:11)
  A cane toad (shapeshifter) (D:14)
  26 vault sentinels
  2 unseen horrors
  9 cane toads
  A titan simulacrum (Crypt:3)
  10 naga magi
  2 dire elephant skeletons
  3 gargoyles
  2 efreet
  8 komodo dragons
  26 yaktaurs
  7 ancient zymes
  A demonic crawler (Abyss:1)
  A redback zombie (Crypt:2)
  A sea snake zombie (Crypt:2)
  5 rime drakes
  2 kobold demonologists
  14 guardian mummies
  8 tengu conjurers
  3 tormentors
  A yaktaur skeleton (Vaults:3)
  5 freezing wraiths
  10 merfolk (Zig:12)
  A silent spectre (Vaults:4)
  7 trolls
  A jumping spider (shapeshifter) (D:15)
  13 tyrant leeches
  3 meliai (D:14)
  A pale draconian skeleton (Crypt:2)
  19 hornets
  8 polar bears
  36 slime creatures
  4 snapping turtles (Zig:12)
  2 wind drakes (Abyss:1)
  26 blink frogs
  2 ice dragon zombies
  A wolf spider simulacrum (D:15)
  A frost giant simulacrum (Depths:3)
  2 spriggan zombies (Zig:5)
  An iron dragon simulacrum (Vaults:3)
  10 dream sheep (Lair:4)
  3 raiju (Abyss:1)
  A meliai zombie (D:11)
  A stone giant simulacrum (Crypt:3)
  A jumping spider zombie (Crypt:1)
  2 ynoxinuls
  62 flying skulls
  A centaur simulacrum (D:14)
  A redback (Vaults:3)
  15 spriggans
  4 shadows
  An ettin skeleton (Crypt:1)
  16 large abominations
  24 water elementals
  An elf zombie (Vaults:1)
  A tarantella (Vaults:3)
  23 wraiths
  12 fire bats
  3 ushabtiu (Zig:10)
  A dire elephant simulacrum (Crypt:3)
  77 starcursed masses
  A yak (shapeshifter) (Elf:2)
  Grum (D:9)
  4 wyverns
  3 basilisks
  10 neqoxecs
  2 steam dragons
  32 yaks
  7 fire elementals
  An elf skeleton (Depths:3)
  6 vampire mosquitoes (D:12)
  2 spatial vortices (Abyss:1)
  3 chaos spawn (Abyss:3)
  42 nagas
  5 acid dragons
  7 wargs (Orc:2)
  A deep troll zombie (Crypt:1)
  12 swamp worms
  A two-headed ogre skeleton (Crypt:1)
  16 water moccasins
  2 cane toad skeletons (Crypt:2)
  6 hell hounds
  A snapping turtle zombie (Crypt:2)
  3 black bears
  46 orc warriors
  7 necrophages
  3 swamp drakes (Swamp:4)
  A sky beast (D:5)
  An ice beast (Zig:5)
  A tengu (shapeshifter) (Abyss:3)
  A deep troll simulacrum (Vaults:3)
  10 ogres
  22 wolves
  A boggart (D:14)
  19 small abominations
  15 centaurs
  A phantom (D:5)
  4 kobold brigands
  3 wyvern zombies
  19 bullfrogs
  2 earth elementals
  2 gnoll sergeants
  4 scorpions
  A water moccasin skeleton (Crypt:1)
  9 killer bees
  7 wights
  3 howler monkeys
  A polar bear skeleton (Crypt:2)
  4 jellies
  6 lava snakes (Volcano)
  A bullfrog zombie (D:6)
  5 centaur zombies
  4 quasits
  2 iron imps
  A centaur skeleton (D:5)
  3 hounds
  15 orc priests
  18 orc wizards
  2 killer bee zombies
  A felid zombie (Crypt:1)
  A hound skeleton (D:5)
  9 mummies (Zig:10)
  A howler monkey zombie (D:7)
  9 gnolls
  8 adders
  5 white imps
  4 ufetubi
  A worm zombie (Crypt:1)
  An adder skeleton (D:4)
  An adder zombie (D:4)
  A worm (D:4)
  A dart slug (D:2)
  92 orcs
  7 ball pythons
  An endoplasm (D:2)
  5 giant cockroaches
  4 goblins
  8 hobgoblins
  16 kobolds
  2 quokkas (D:2)
  7 bats
  3 frilled lizards
  A quokka skeleton (Crypt:1)
  3 rats
  A butterfly (Abyss:1)
  5 starspawn tentacles
2406 creatures vanquished.

Vanquished Creatures (collateral kills)
  A vault guard (Vaults:5)
  An ironbound beastmaster (Vaults:3)
  A yak (Lair:4)
  A ball python (D:2)
4 creatures vanquished.

Vanquished Creatures (others)
  A nagaraja (Zig:6)
  A vampire mage (Depths:2)
  A goliath frog (Zig:8)
  A bog body (Zig:8)
  A wizard (Vaults:4)
  A moth of wrath (Vaults:4)
  A cane toad (Lair:4)
  A rime drake (Swamp:4)
  3 bloated husks
  5 golden eyes (Abyss:3)
  A bush (Lair:6)
  2 butterflies (Abyss:1)
  4 demonic plants (Gauntlet)
  168 foxfires
  33 fungi
  A lurking horror (Abyss:3)
  93 plants
  15 starspawn tentacles
333 creatures vanquished.

Grand Total: 2743 creatures vanquished

Notes
Turn   | Place    | Note
-------+----------+-------------------------------------------
     0 | D:1      | tanglemaster the Octopode Hedge Wizard began the quest for
                  | the Orb.
     0 | D:1      | Reached XP level 1. HP: 11/11 MP: 4/4
   120 | D:1      | Reached skill level 1 in Fighting
   373 | D:1      | Reached XP level 2. HP: 11/19 MP: 1/6
  1609 | D:2      | Reached XP level 3. HP: 25/25 MP: 7/7
  1909 | D:2      | Learned a level 2 spell: Call Imp
  2053 | D:2      | Learned a level 1 spell: Foxfire
  2143 | D:2      | Reached XP level 4. HP: 24/31 MP: 5/8
  2296 | D:2      | Found a shadowy altar of Dithmenos.
  2687 | D:3      | Found a faded altar of an unknown god.
  2976 | D:3      | Found a sacrificial altar of Ru.
  3254 | D:3      | Learned a level 2 spell: Poisonous Vapours
  3321 | D:4      | Reached skill level 1 in Fire Magic
  3321 | D:4      | Reached XP level 5. HP: 18/37 MP: 2/9
  3826 | D:4      | Reached skill level 1 in Staves
  3919 | D:4      | Found a staircase to the Ecumenical Temple.
  3992 | Temple   | Entered the Ecumenical Temple
  4149 | D:4      | Found a large runed translucent door.
  4149 | D:4      | Found a large runed translucent door.
  4160 | D:4      | Found a large runed translucent door.
  4160 | D:4      | Found a large runed translucent door.
  4161 | D:4      | Noticed an orc warrior
  4170 | D:4      | Killed an orc warrior
  4171 | D:4      | Reached XP level 6. HP: 43/43 MP: 10/10
  4239 | D:4      | Identified the amulet "Ussyen" {Spirit SInv}
  4289 | D:4      | Reached XP level 7. HP: 48/48 MP: 11/11
  4437 | D:4      | Found the +5 robe of Night {Dark Will+ SInv}
  4668 | D:4      | Identified a scroll of acquirement
  4668 | D:4      | Acquired the +5 quick blade "Bemeore" {vorpal, Dex+4}
  4804 | Temple   | Became a worshipper of Cheibriados the Contemplative
  4866 | D:5      | Entered Level 5 of the Dungeon
  4891 | D:5      | Reached skill level 1 in Short Blades
  5168 | D:5      | Gained mutation: You are strong-willed. (Will+) [potion of
                  | mutation]
  5168 | D:5      | Gained mutation: You are weak. (Str -2) [potion of
                  | mutation]
  5284 | D:5      | Reached XP level 8. HP: 54/54 MP: 12/12
  5463 | D:5      | Reached * piety under Cheibriados
  5468 | D:5      | Learned a level 3 spell: Mephitic Cloud
  5574 | D:5      | Reached skill level 5 in Short Blades
  5574 | D:5      | Reached skill level 1 in Poison Magic
  5951 | D:6      | Found Riumupra's Armour Shop.
  6200 | D:6      | Found a white marble altar of Elyvilon.
  6236 | D:6      | Found a glowing golden altar of the Shining One.
  6729 | D:6      | Learned a level 3 spell: Conjure Flame
  7118 | D:7      | Reached skill level 5 in Poison Magic
  7242 | D:7      | Reached ** piety under Cheibriados
  7352 | D:7      | Noticed a two-headed ogre
  7363 | D:7      | Killed a two-headed ogre
  7364 | D:7      | Reached skill level 5 in Dodging
  7364 | D:7      | Reached XP level 9. HP: 58/58 MP: 0/13
  8041 | D:8      | Found Luts's Magic Scroll Shoppe.
  8059 | D:8      | Bought a scroll of enchant armour for 82 gold pieces
  8290 | D:8      | Found a glowing silver altar of Zin.
  8677 | D:8      | Reached skill level 5 in Stealth
  9210 | D:9      | Noticed a boulder beetle
  9646 | D:9      | Reached XP level 10. HP: 63/63 MP: 14/14
  9667 | D:9      | Reached *** piety under Cheibriados
  9725 | D:9      | Learned a level 2 spell: Blink
  9927 | D:8      | Killed an unseen horror
  9928 | D:8      | Reached skill level 1 in Invocations
 10520 | D:9      | Reached skill level 5 in Fighting
 10553 | D:9      | Killed a boulder beetle
 11047 | D:9      | Noticed Grum
 11055 | D:9      | Reached **** piety under Cheibriados
 11056 | D:9      | Reached skill level 5 in Invocations
 11067 | D:9      | Killed Grum
 11169 | D:9      | Found an ornate altar of the Wu Jian Council.
 11495 | D:9      | Found a basalt altar of Yredelemnul.
 11701 | D:10     | Entered Level 10 of the Dungeon
 11701 | D:10     | Noticed an eight-headed hydra
 11750 | D:9      | Reached XP level 11. HP: 75/75 MP: 9/15
 11768 | D:9      | Reached skill level 1 in Evocations
 12020 | D:10     | Found a runed translucent gate.
 12020 | D:10     | Found a runed translucent gate.
 12021 | D:10     | Found a runed translucent gate.
 12022 | D:10     | Noticed mrw3rdna's ghost (novice DsNe)
 12083 | D:10     | Identified the +6 falchion "Newtbane" {antimagic, rPois rC-
                  | rCorr Str+10}
 12297 | D:10     | Reached ***** piety under Cheibriados
 12982 | D:11     | Noticed Josephine
 13731 | D:11     | Found a staircase to the Orcish Mines.
 13744 | D:11     | Reached skill level 1 in Air Magic
 14029 | D:11     | Found a staircase to the Lair.
 14733 | D:11     | Killed Josephine
 15249 | Lair:1   | Entered Level 1 of the Lair of Beasts
 15658 | Lair:1   | Reached XP level 12. HP: 82/82 MP: 18/18
 16035 | Lair:2   | Found a gate leading to a gauntlet.
 16041 | Gauntlet | Entered a Gauntlet
 16041 | Gauntlet | Found a transporter.
 16048 | Gauntlet | Found a transporter.
 16048 | Gauntlet | Noticed a catoblepas
 16050 | Gauntlet | Found a transporter.
 16064 | Gauntlet | Found a transporter.
 16065 | Gauntlet | Found a transporter.
 16078 | Gauntlet | Found a transporter.
 16079 | Gauntlet | Noticed a great orb of eyes
 16081 | Gauntlet | Noticed a quicksilver ooze
 16084 | Gauntlet | Noticed a storm dragon
 16087 | Gauntlet | Noticed a quicksilver ooze
 16088 | Gauntlet | Noticed a spark wasp
 16088 | Gauntlet | a quicksilver ooze changed into a spark wasp
 16096 | Gauntlet | Found a transporter.
 16101 | Gauntlet | Noticed a satyr
 16101 | Gauntlet | a tyrant leech changed into a satyr
 16101 | Gauntlet | Noticed an ettin
 16101 | Gauntlet | a satyr changed into an ettin
 16107 | Gauntlet | Found a transporter.
 16117 | Gauntlet | Found a transporter.
 16136 | Gauntlet | Found a transporter.
 16150 | Gauntlet | Found a transporter.
 16152 | Gauntlet | Found a transporter.
 16196 | Gauntlet | Found a transporter.
 16204 | Gauntlet | Found a runed translucent door.
 16208 | Gauntlet | Found a runed translucent door.
 16210 | Gauntlet | Found a transporter.
 16237 | Gauntlet | Noticed a satyr
 16237 | Gauntlet | a tyrant leech changed into a satyr
 16238 | Gauntlet | Noticed a fire dragon
 16238 | Gauntlet | a satyr changed into a fire dragon
 16242 | Gauntlet | Noticed an ice dragon
 16242 | Gauntlet | Noticed an entropy weaver
 16243 | Gauntlet | Noticed a fire dragon
 16243 | Gauntlet | an entropy weaver changed into a fire dragon
 16245 | Gauntlet | a fire dragon changed into a slime creature
 16246 | Gauntlet | an ice dragon changed into a tyrant leech
 16247 | Gauntlet | Noticed an alligator
 16247 | Gauntlet | a tyrant leech changed into an alligator
 16254 | Gauntlet | Noticed a shock serpent
 16254 | Gauntlet | a moth of wrath changed into a shock serpent
 16258 | Gauntlet | Noticed a shock serpent
 16258 | Gauntlet | a redback changed into a shock serpent
 16258 | Gauntlet | Noticed an anaconda
 16258 | Gauntlet | a shock serpent changed into an anaconda
 16260 | Gauntlet | Noticed a two-headed ogre
 16260 | Gauntlet | an anaconda changed into a two-headed ogre
 16260 | Gauntlet | a two-headed ogre changed into a redback
 16357 | Gauntlet | Killed a catoblepas
 16357 | Gauntlet | Reached ****** piety under Cheibriados
 16624 | Gauntlet | Reached skill level 10 in Dodging
 16641 | Gauntlet | Identified the ring of Ceagoz {rElec rF+ rN+}
 16704 | Gauntlet | Noticed a minotaur
 16738 | Gauntlet | HP: 4/82 [minotaur (4)]
 16739 | Gauntlet | Killed a minotaur
 16899 | Gauntlet | Identified the ring of the Dolphin {Fly rC- Will++ Int+3
                  | Stlth+}
 17023 | Gauntlet | Identified the +1 ring mail of the Many Runes {Regen+
                  | Str+2}
 17307 | Lair:2   | Found a staircase to the Swamp.
 18023 | Lair:3   | Reached skill level 5 in Evocations
 18121 | Lair:3   | Noticed a death yak
 18121 | Lair:3   | Noticed a death yak
 18121 | Lair:3   | Noticed a death yak
 18121 | Lair:3   | Noticed a death yak
 18121 | Lair:3   | Noticed a death yak
 18149 | Lair:3   | Killed a death yak
 18152 | Lair:3   | Killed a death yak
 18471 | Lair:3   | Reached XP level 13. HP: 73/90 MP: 19/19
 18601 | Lair:2   | Reached skill level 10 in Stealth
 19818 | Lair:4   | Reached skill level 1 in Shields
 20244 | Lair:4   | Reached skill level 5 in Shields
 20531 | Lair:4   | Found a staircase to the Snake Pit.
 20560 | Lair:4   | Found a hide-covered altar of Uskayaw.
 20946 | Lair:4   | Reached skill level 5 in Spellcasting
 20969 | Lair:4   | Reached skill level 10 in Invocations
 21043 | Lair:4   | Found the +8 whip "Snakebite" {venom, curare, rPois}
 21283 | Lair:5   | Found a dark tunnel.
 21300 | Volcano  | Entered a volcano
 21782 | Volcano  | Reached skill level 1 in Maces & Flails
 21782 | Volcano  | Reached XP level 14. HP: 79/98 MP: 17/21
 22105 | Volcano  | Found a burning altar of Makhleb.
 22298 | Lair:5   | Noticed Snorg
 22303 | Lair:5   | Killed Snorg
 22304 | Lair:5   | Reached skill level 10 in Fighting
 22974 | Lair:6   | Entered Level 6 of the Lair of Beasts
 23172 | Lair:6   | Acquired a manual of Fighting
 23243 | Lair:6   | Reached skill level 5 in Maces & Flails
 23253 | Lair:6   | Noticed Sonja
 23264 | Lair:6   | Killed Sonja
 23678 | Lair:6   | Found a staircase to the Slime Pits.
 24106 | Lair:6   | Noticed a dire elephant
 24133 | Lair:6   | Killed a dire elephant
 24144 | Lair:6   | Identified the ring of the Harvest {rC+ Will+ Str+4}
 24642 | Orc:1    | Entered Level 1 of the Orcish Mines
 24660 | Orc:1    | Reached XP level 15. HP: 108/108 MP: 22/22
 25116 | Orc:2    | Entered Level 2 of the Orcish Mines
 25320 | Orc:2    | Found Biryic Vufeb's General Store.
 25320 | Orc:2    | Found Peasenep's Antique Weapon Shop.
 25377 | Orc:2    | Bought a potion of heal wounds for 70 gold pieces
 25655 | Orc:2    | Found Nehe's Needful Niceties.
 25668 | Orc:2    | Found a staircase to the Elven Halls.
 25702 | Orc:2    | Found Haqairer's Jewellery Boutique.
 25726 | Orc:2    | Found Sezauch's Armour Shoppe.
 25982 | Orc:2    | Found Palic's Jewellery Shoppe.
 25982 | Orc:2    | Found Pets's Magic Scroll Shop.
 25990 | Orc:2    | Bought the ring of Yha Lejo {rF+ Will+ EV+4 Stlth-} for 704
                  | gold pieces
 26037 | Orc:2    | Found a burning altar of Makhleb.
 26227 | Elf:1    | Entered Level 1 of the Elven Halls
 26488 | Elf:1    | Noticed Azrael
 26496 | Elf:1    | Killed Azrael
 26877 | Elf:1    | Reached skill level 15 in Fighting
 27474 | Elf:1    | Reached XP level 16. HP: 122/124 MP: 26/26
 27737 | Elf:1    | Got Plog's Handbook of the Entourage
 27869 | Elf:1    | Found a runed translucent door.
 27870 | Elf:1    | Noticed Xihoome's ghost (veteran MiGl)
 28656 | Elf:2    | Reached skill level 10 in Shields
 28808 | Elf:2    | Got Asoryry's Compendium of Transmutation
 28844 | Elf:2    | Learned a level 6 spell: Statue Form
 28887 | Elf:2    | Found a runed translucent gate.
 28991 | Elf:2    | Reached skill level 1 in Unarmed Combat
 28991 | Elf:2    | Reached skill level 1 in Transmutations
 28991 | Elf:2    | Reached skill level 1 in Earth Magic
 28993 | Elf:2    | Found a runed translucent gate.
 28994 | Elf:2    | Found a runed translucent gate.
 29042 | Elf:2    | Reached skill level 2 in Unarmed Combat
 29106 | Elf:2    | Found Aschoab's Armour Shop.
 29209 | Elf:2    | Reached skill level 3 in Unarmed Combat
 29414 | Elf:2    | Found a transporter.
 29426 | Elf:2    | Found a bloodstained altar of Trog.
 29426 | Elf:2    | Noticed Powertoast's ghost (adept HOFi)
 29428 | Elf:2    | Noticed a deep elf blademaster
 29436 | Elf:2    | Identified the +3 longbow of Responsibility {freeze, rC-
                  | rCorr Int+2}
 29436 | Elf:2    | Noticed a deep elf master archer
 29436 | Elf:2    | Noticed a deep elf blademaster
 29454 | Elf:2    | Found a transporter.
 29819 | Elf:3    | Entered Level 3 of the Elven Halls
 30270 | Elf:3    | Reached skill level 4 in Unarmed Combat
 30823 | D:12     | Reached skill level 5 in Transmutations
 30823 | D:12     | Reached skill level 5 in Earth Magic
 30855 | D:12     | Reached skill level 5 in Unarmed Combat
 31044 | D:12     | Reached XP level 17. HP: 97/131 MP: 27/27
 31229 | D:12     | Identified the +7 hand axe of Patterns {drain, Fragile rF+
                  | rCorr Int+3 Stlth+}
 31614 | D:12     | Found a portal to a secret trove of treasure.
 31624 | D:12     | Learned a level 1 spell: Apportation
 31671 | D:12     | Learned a level 2 spell: Sublimation of Blood
 31817 | D:12     | Found a sacrificial altar of Ru.
 31908 | D:12     | Found a runed translucent door.
 31987 | D:12     | Identified the +0 kite shield of the Stone Wall {Will-
                  | Int+6}
 32042 | D:12     | Noticed Uvvog's ghost (journeyman GnNe)
 32073 | D:12     | Killed Uvvog's ghost
 33298 | D:14     | Found a gate to the Vaults.
 33626 | D:14     | Found a runed translucent door.
 33627 | D:14     | Noticed PostageStamp's ghost (journeyman TeAE)
 33630 | D:14     | Identified the +10 trident "Nallaxtera" {flame, Str+7}
 34037 | D:14     | Killed PostageStamp's ghost
 34129 | D:15     | Entered Level 15 of the Dungeon
 34429 | D:15     | Found a staircase to the Depths.
 34897 | D:15     | Reached XP level 18. HP: 137/137 MP: 25/29
 35368 | Depths:1 | Entered Level 1 of the Depths
 35464 | Depths:1 | Reached skill level 6 in Unarmed Combat
 35781 | Depths:1 | Found a gateway to Hell.
 36076 | Depths:1 | Found a gateway to a ziggurat.
 36286 | Depths:1 | Noticed a lich
 36291 | Depths:1 | Killed a lich
 36292 | Depths:1 | Reached skill level 7 in Unarmed Combat
 36294 | Depths:1 | Found a runed translucent gate.
 36294 | Depths:1 | Found a runed translucent gate.
 36305 | Depths:1 | Noticed Desoskoci's ghost (adept TrMo)
 36307 | Depths:1 | Found a runed translucent gate.
 36330 | Depths:1 | Found Zumuej's Magic Scroll Boutique.
 36406 | Depths:1 | Reached skill level 10 in Transmutations
 36424 | Depths:1 | Reached skill level 10 in Earth Magic
 36464 | Depths:1 | Reached skill level 8 in Unarmed Combat
 36551 | Depths:1 | Noticed a profane servitor
 36746 | Depths:1 | Killed a profane servitor
 36931 | Depths:1 | Found a basalt altar of Yredelemnul.
 37001 | Depths:1 | Found a one-way gate to the infinite horrors of the Abyss.
 37193 | Depths:1 | Learned a level 2 spell: Wereblood
 37448 | Depths:2 | Reached skill level 9 in Unarmed Combat
 37520 | Depths:1 | Reached XP level 19. HP: 140/143 MP: 28/32
 37558 | Depths:2 | Reached skill level 10 in Unarmed Combat
 38109 | Depths:2 | Voluntarily entered the Abyss.
 38184 | Abyss:1  | Noticed a Hell Sentinel
 38275 | Abyss:1  | Noticed a bone dragon
 38293 | Abyss:1  | Killed a bone dragon
 38294 | Abyss:1  | Reached skill level 11 in Unarmed Combat
 38326 | Abyss:1  | Reached skill level 10 in Spellcasting
 38368 | Abyss:1  | Paralysed by accursed screaming for 1 turns
 38680 | Abyss:1  | Reached skill level 12 in Unarmed Combat
 38683 | Abyss:1  | Gained mutation: Your spells are a little easier to cast,
                  | but a little less powerful. [a neqoxec]
 38685 | Abyss:1  | Gained mutation: You are clumsy. (Dex -2) [a neqoxec]
 38701 | Abyss:1  | Noticed an ancient lich
 38874 | Abyss:1  | Gained mutation: You evolve. [a neqoxec]
 38892 | Abyss:1  | Paralysed by accursed screaming for 1 turns
 38947 | Abyss:3  | Noticed a bone dragon
 39024 | Abyss:3  | Reached skill level 13 in Unarmed Combat
 39097 | Abyss:3  | Paralysed by accursed screaming for 1 turns
 39152 | Abyss:3  | Paralysed by accursed screaming for 1 turns
 39187 | Abyss:3  | Reached skill level 14 in Unarmed Combat
 39201 | Abyss:3  | Noticed a bone dragon
 39209 | Abyss:3  | Killed a bone dragon
 39210 | Abyss:3  | Reached XP level 20. HP: 73/149 MP: 26/34
 39214 | Abyss:3  | Gained mutation: You are very clumsy. (Dex -4) [a neqoxec]
 39216 | Abyss:3  | Gained mutation: You occasionally shout uncontrollably at
                  | your foes. [a neqoxec]
 39538 | Abyss:3  | Gained mutation: Potions are less effective at restoring
                  | your health. [a neqoxec]
 39554 | Abyss:3  | Lost mutation: You evolve. [a neqoxec]
 39592 | Abyss:3  | Got an abyssal rune of Zot
 39632 | Abyss:3  | Reached skill level 15 in Unarmed Combat
 39723 | Abyss:3  | Found a corrupted altar of Lugonu.
 39777 | Abyss:3  | Noticed a dread lich
 39820 | Abyss:3  | Gained mutation: You are very weak. (Str -4) [a cacodemon]
 39834 | Depths:2 | Escaped the Abyss
 40085 | Orc:2    | Bought a potion of mutation for 112 gold pieces
 40085 | Orc:2    | Lost mutation: You are very weak. (Str -4) [potion of
                  | mutation]
 40085 | Orc:2    | Lost mutation: You are very clumsy. (Dex -4) [potion of
                  | mutation]
 40085 | Orc:2    | Gained mutation: Your natural rate of healing is unusually
                  | fast. [potion of mutation]
 40085 | Orc:2    | Gained mutation: Your mind is acute. (Int +2) [potion of
                  | mutation]
 40186 | Orc:2    | Bought a potion of cancellation for 112 gold pieces
 40534 | Depths:3 | Reached skill level 16 in Unarmed Combat
 40741 | Depths:3 | Noticed a dread lich
 40746 | Depths:3 | Killed a dread lich
 40747 | Depths:3 | Reached skill level 17 in Unarmed Combat
 41135 | Depths:3 | Found a one-way gate leading to the halls of Pandemonium.
 41144 | Depths:3 | Reached XP level 21. HP: 154/154 MP: 29/35
 41285 | Depths:4 | Reached skill level 18 in Unarmed Combat
 41602 | Depths:4 | Reached skill level 19 in Unarmed Combat
 41632 | Depths:4 | Found Nebaatapt's Armour Boutique.
 41901 | Depths:4 | Identified the +9 rapier "Killer Klown's Peril" {pain, rN+
                  | Dex+6}
 41940 | Depths:4 | Noticed a caustic shrike
 41945 | Depths:4 | Noticed a caustic shrike
 41946 | Depths:4 | Noticed a caustic shrike
 41946 | Depths:4 | Noticed a caustic shrike
 41946 | Depths:4 | Noticed a caustic shrike
 41950 | Depths:4 | Killed a caustic shrike
 41956 | Depths:4 | Killed a caustic shrike
 41960 | Depths:4 | Killed a caustic shrike
 41964 | Depths:4 | Killed a caustic shrike
 41966 | Depths:4 | Killed a caustic shrike
 42275 | Depths:5 | Entered Level 5 of the Depths
 42310 | Depths:5 | Noticed a caustic shrike
 42310 | Depths:5 | Noticed a caustic shrike
 42310 | Depths:5 | Noticed a caustic shrike
 42315 | Depths:5 | Killed a caustic shrike
 42316 | Depths:5 | Reached skill level 20 in Unarmed Combat
 42316 | Depths:5 | Killed a caustic shrike
 42318 | Depths:5 | Killed a caustic shrike
 42365 | Depths:5 | Reached XP level 22. HP: 58/162 MP: 20/36
 42472 | Depths:5 | Noticed a juggernaut
 42479 | Depths:5 | Killed a juggernaut
 42670 | Depths:5 | Noticed a golden dragon
 42676 | Depths:5 | Killed a golden dragon
 42806 | Depths:5 | Reached skill level 21 in Unarmed Combat
 42819 | Depths:5 | Found a runed translucent door.
 42821 | Depths:5 | Noticed an ancient lich
 42822 | Depths:5 | Found a radiant altar of Vehumet.
 42830 | Depths:5 | Killed an ancient lich
 42849 | Depths:5 | Got Ereshkigal's Collected Works on Confrontation
 43091 | Depths:5 | Noticed a caustic shrike
 43095 | Depths:5 | Noticed a caustic shrike
 43095 | Depths:5 | Noticed a caustic shrike
 43095 | Depths:5 | Noticed a caustic shrike
 43097 | Depths:5 | Noticed a caustic shrike
 43098 | Depths:5 | Killed a caustic shrike
 43104 | Depths:5 | Killed a caustic shrike
 43105 | Depths:5 | Killed a caustic shrike
 43108 | Depths:5 | Killed a caustic shrike
 43110 | Depths:5 | Killed a caustic shrike
 43389 | Depths:5 | Found a gate to the Realm of Zot.
 44170 | Elf:3    | Reached XP level 23. HP: 167/167 MP: 37/37
 44189 | Elf:3    | Reached skill level 22 in Unarmed Combat
 44478 | Elf:3    | Identified the +8 spear of Courage {vorpal, *Slow +Blink
                  | rF+++ SInv}
 44499 | Elf:3    | Identified the +2 glaive "Qinliweu" {protect, *Slow +Blink
                  | Dex+9}
 44499 | Elf:3    | Identified the +1 leather armour of Tuqon {rC+ Will+ Dex+3}
 44499 | Elf:3    | Identified the ring "Ongur" {Fly rN+ Int+3}
 44510 | Elf:3    | Identified the +5 dagger "Caplaojau" {drain, rElec rF-
                  | Dex+6 Stlth+}
 44523 | Elf:3    | Identified the +1 scale mail "Ynonezuo" {Rampage Int+3}
 44561 | Elf:3    | Got the Reference Book on Earthen Contamination
 44573 | Elf:3    | Got the Tome of Cold and Execration
 44576 | Elf:3    | Got the Reference Book on Conjuration
 44592 | Elf:3    | Learned a level 5 spell: Summon Forest
 44597 | Elf:3    | Learned a level 4 spell: Passage of Golubria
 45208 | Orc:2    | Bought a ring of resist corrosion for 260 gold pieces
 45333 | Vaults:1 | Entered Level 1 of the Vaults
 45988 | Vaults:1 | Found Zujadgh's Book Shop.
 46132 | Vaults:1 | Reached skill level 15 in Dodging
 46140 | Vaults:1 | Reached skill level 23 in Unarmed Combat
 46480 | Vaults:2 | Noticed Sojobo
 46487 | Vaults:2 | Paralysed by an air elemental for 1 turns
 46493 | Vaults:2 | Killed Sojobo
 46659 | Vaults:2 | Reached XP level 24. HP: 173/173 MP: 34/37
 46715 | Vaults:2 | Reached skill level 24 in Unarmed Combat
 46948 | Vaults:2 | Found Funeuppa's Antique Weapon Boutique.
 47590 | Vaults:3 | Found Kaukad Gio's Antique Weapon Boutique.
 48113 | Vaults:3 | Found a staircase to the Crypt.
 48239 | Vaults:3 | Reached skill level 5 in Air Magic
 48718 | Vaults:4 | Identified the +1 hand crossbow of Demand {venom, Dex+7}
 48880 | Vaults:4 | Found a transporter.
 48929 | Vaults:4 | Found a bloodstained altar of Trog.
 48929 | Vaults:4 | Found the necklace of Bloodlust {*Rage +Rage Will++ Int-3
                  | Slay+6}
 49240 | Vaults:4 | Learned a level 5 spell: Fireball
 49494 | Vaults:4 | Found a transporter.
 49605 | Vaults:4 | Found a runed translucent door.
 49640 | Vaults:4 | Identified the +4 plate armour of the Elephant {rF+}
 49998 | Vaults:4 | HP: 9/224 [vault warden (5)]
 50342 | Vaults:5 | Entered Level 5 of the Vaults
 50363 | Vaults:5 | Reached XP level 25. HP: 179/179 MP: 38/38
 50652 | Vaults:5 | Got Miufom's Compendium of Changing
 50681 | Vaults:5 | Identified the ring "Beamno" {Wiz Fly rElec rF+ Int+2}
 50686 | Vaults:5 | Noticed Jory
 50689 | Vaults:5 | Killed Jory
 50876 | Vaults:5 | Noticed an ancient lich
 50881 | Vaults:5 | Killed an ancient lich
 50882 | Vaults:5 | Reached skill level 15 in Transmutations
 50917 | Vaults:5 | Noticed a dread lich
 50929 | Vaults:5 | Killed a dread lich
 51179 | Vaults:5 | Reached XP level 26. HP: 187/187 MP: 40/40
 51278 | Vaults:5 | Identified the +2 leather armour of Dobizal {Rampage}
 51291 | Vaults:5 | Got a silver rune of Zot
 51662 | Vaults:5 | Identified the +3 glaive of Iconoclasm {venom, rN+ Int+4
                  | Dex+3}
 51803 | Crypt:1  | Entered Level 1 of the Crypt
 52851 | Crypt:3  | Entered Level 3 of the Crypt
 53002 | Crypt:3  | Noticed Xtahua
 53008 | Crypt:3  | Killed Xtahua
 53135 | Crypt:3  | Found a basalt altar of Yredelemnul.
 53213 | Crypt:3  | Reached skill level 15 in Stealth
 53245 | Crypt:3  | Noticed Frederick
 53267 | Crypt:3  | Killed Frederick
 53291 | Crypt:3  | Noticed Khufu
 53301 | Crypt:3  | Killed Khufu
 53388 | Crypt:3  | Found a staircase to the Tomb.
 53405 | Crypt:3  | Identified the ring "Kawiah" {rPois rC+ rN+ Str+2 SInv}
 53405 | Crypt:3  | Identified the ring "Runumiro" {rElec rC+ rN+ MP+9}
 53422 | Crypt:3  | Got Cigotuvi's Guide on Evil
 53541 | Crypt:3  | Reached XP level 27. HP: 195/195 MP: 39/40
 53711 | Crypt:3  | Got the Papyrus of Fire and Flight
 53815 | Crypt:3  | Learned a level 7 spell: Storm Form
 54110 | Swamp:1  | Entered Level 1 of the Swamp
 54202 | Swamp:3  | Noticed Mara
 54211 | Swamp:3  | Killed Mara
 54257 | Swamp:3  | Reached skill level 15 in Shields
 54821 | Swamp:4  | Entered Level 4 of the Swamp
 54979 | Swamp:4  | Got a decaying rune of Zot
 55469 | Orc:2    | Bought a manual of Necromancy for 1360 gold pieces
 55469 | Orc:2    | Bought a Necronomicon for 952 gold pieces
 55809 | Snake:1  | Entered Level 1 of the Snake Pit
 55913 | Snake:1  | Noticed Jorgrun
 55917 | Snake:1  | Killed Jorgrun
 56756 | Snake:2  | Got the Reference Book on the Volcanoes and the Escort
 57173 | Snake:4  | Entered Level 4 of the Snake Pit
 57176 | Snake:4  | Found Ditoed's Distillery.
 57230 | Snake:4  | Reached skill level 10 in Air Magic
 57328 | Snake:4  | Found Hinapot's Armour Shop.
 57338 | Snake:4  | Bought the +2 hood of the Assassin {Detection Stab+
                  | Stlth++} for 1140 gold pieces
 57338 | Snake:4  | Found the +2 hood of the Assassin {Detection Stab+ Stlth++}
 57402 | Snake:4  | Found Fer Gasm's Assorted Antiques.
 57423 | Snake:4  | Found a flickering gateway to a bazaar.
 57433 | Bazaar   | Entered a bazaar
 57435 | Bazaar   | Found Niklir's Assorted Antiques.
 57439 | Bazaar   | Found Xeff's Distillery.
 57439 | Bazaar   | Found Uqips's Weapon Boutique.
 57440 | Bazaar   | Found Qutoymobb's Armour Boutique.
 57445 | Bazaar   | Bought 2 throwing nets for 66 gold pieces
 57450 | Bazaar   | Bought a potion of attraction for 51 gold pieces
 57450 | Bazaar   | Bought a potion of attraction for 51 gold pieces
 57450 | Bazaar   | Bought a potion of ambrosia for 136 gold pieces
 57450 | Bazaar   | Bought a potion of cancellation for 136 gold pieces
 57450 | Bazaar   | Bought a potion of magic for 136 gold pieces
 57450 | Bazaar   | Bought a potion of might for 68 gold pieces
 57450 | Bazaar   | Bought a potion of brilliance for 68 gold pieces
 57450 | Bazaar   | Bought a potion of curing for 51 gold pieces
 57450 | Bazaar   | Bought a potion of brilliance for 68 gold pieces
 57450 | Bazaar   | Bought a potion of brilliance for 68 gold pieces
 57450 | Bazaar   | Bought 2 potions of invisibility for 272 gold pieces
 57975 | Snake:4  | Got a serpentine rune of Zot
 58508 | Zig:1    | Entered Level 1 of a ziggurat
 58530 | Zig:2    | Entered Level 2 of a ziggurat
 58552 | Zig:3    | Entered Level 3 of a ziggurat
 58553 | Zig:3    | Noticed Rofol the pandemonium lord
 58560 | Zig:3    | Killed Rofol the pandemonium lord
 58611 | Zig:4    | Entered Level 4 of a ziggurat
 58641 | Zig:4    | Identified the +1 chain mail "Temm" {Str+4}
 58642 | Zig:4    | Identified the amulet "Byph" {Acrobat +Blink +Inv Regen+
                  | Str-3}
 58652 | Zig:5    | Entered Level 5 of a ziggurat
 58679 | Zig:5    | Identified the +1 robe "Ohaf" {Rampage rElec rF- Archmagi}
 58682 | Zig:5    | Identified the +2 halberd of the Empty Page {flame, rElec
                  | Str+4}
 58684 | Zig:5    | Identified the +5 great mace of the Vine {pain, rN++ Will-
                  | Str+8}
 58803 | Zig:6    | Entered Level 6 of a ziggurat
 58822 | Zig:6    | Identified the ring of Yxuv {rF+ EV+4}
 58827 | Zig:6    | Got Gofriufa's Collected Works on Confrontation
 58830 | Zig:6    | Identified the +1 long sword of Modern Guile {vorpal, rF+
                  | Int+4}
 58849 | Zig:7    | Entered Level 7 of a ziggurat
 58875 | Zig:7    | Identified the ring of Qaziogg {Ice rPois SInv Stlth+}
 58880 | Zig:7    | Identified the ring of Amorality {rCorr EV+4}
 58885 | Zig:7    | Identified the +5 hunting sling "Xetim" {freeze, rPois
                  | Str-5 Int+3 SInv}
 58888 | Zig:7    | Identified the +4 chain mail of Okawaru's Whim {Harm Dex+2
                  | Stlth+}
 58894 | Zig:8    | Entered Level 8 of a ziggurat
 58905 | Zig:8    | Reached skill level 15 in Invocations
 58915 | Zig:8    | Identified the +1 ring mail of Miracles {rElec rPois rC-
                  | Dex+2}
 58923 | Zig:9    | Entered Level 9 of a ziggurat
 58931 | Zig:9    | Lost mutation: You are weak. (Str -2) [a shining eye]
 58974 | Zig:9    | Identified the +2 mace of Degoxzan {speed, +Blink Stlth+}
 58991 | Zig:10   | Entered Level 10 of a ziggurat
 58998 | Zig:10   | Noticed a royal mummy
 59009 | Zig:10   | Killed a royal mummy
 59059 | Zig:10   | Got the Handbook of Poison and Clay
 59066 | Zig:10   | Identified the ring of Ujeasoc {Fly rPois EV+4 Str+2 Int+6}
 59080 | Zig:10   | Identified the +8 long sword of Doors {vorpal, rPois rC+
                  | Int+4 Dex-2}
 59108 | Zig:11   | Entered Level 11 of a ziggurat
 59112 | Zig:11   | Noticed an ancient lich
 59115 | Zig:11   | Noticed a dread lich
 59123 | Zig:11   | Killed an ancient lich
 59124 | Zig:11   | Reached skill level 15 in Spellcasting
 59126 | Zig:11   | Killed a dread lich
 59139 | Zig:11   | Identified the ring of Timponiv {Fly rElec}
 59178 | Zig:12   | Entered Level 12 of a ziggurat
 59200 | Zig:12   | Found the +11 plutonium sword {Contam Stlth-}
 59239 | Zig:12   | Identified the +7 quarterstaff "Tediga" {chaos, Contam rC+
                  | SInv Stlth+}
 59260 | Zig:13   | Entered Level 13 of a ziggurat
 59277 | Zig:13   | Noticed Nuonn the pandemonium lord
 59286 | Zig:13   | HP: 11/243 [monstrous blood saint/ghostly fireball (6)]
 59286 | Zig:13   | Killed from afar by a monstrous blood saint

Illustrated notes

Levels and vault maps discovered:
D:1:      dpeg_arrival_central, layout_loops_ring, minivault_26
D:2:      layout_loops_ring, basic_altar, chequers_hall_statues_y,
          minmay_nonomino_d4
D:3:      layout_basic, amcnicky_altar_gilded, chequers_ecumenical_altar_island
D:4:      layout_loops_ring, minmay_temple_entry_statues_fountains,
          minmay_hollow_rounded_squares
D:5:      layout_basic
D:6:      layout_loops_ring, mainiacjoe_overflow_24_doors, kennysheep_mini,
          serial_shops, shop
D:7:      layout_basic
D:8:      layout_basic, zin_academy, serial_shops, shop, chequers_arboretum,
          minmay_misc_feat_x
D:9:      hangedman_cross_stitches, layout_stronghold, lemuel_doored_altar,
          mainiacjoe_overflow_tiny_flanked, uniq_grum
D:10:     layout_roguey, ebering_ghost_rock_garden, lemuel_old_faithful
D:11:     layout_loops_ring, lair_entry_dummy, minmay_orc_entry_temple_small,
          uniq_josephine
D:12:     minmay_the_grid_square_5x5_4x4 [minmay_the_grid_square_5x5_c,
          minmay_the_grid_square_5x5_broken_cross,
          minmay_the_grid_square_5x5_forky, minmay_the_grid_square_5x5_v,
          minmay_the_grid_square_5x5_comb,
          minmay_the_grid_square_5x5_prize_pseudospiral,
          minmay_the_grid_square_5x5_prize_monsterx,
          minmay_the_grid_square_5x5_sharp_hourglass,
          minmay_the_grid_square_5x5_shrine2,
          minmay_the_grid_square_5x5_prize_snowflake,
          minmay_the_grid_square_5x5_prize_itemx,
          minmay_the_grid_square_5x5_dogpile,
          minmay_the_grid_square_5x5_six_small,
          minmay_the_grid_square_5x5_tri_point,
          minmay_the_grid_square_5x5_two_walls_a,
          minmay_the_grid_square_5x5_eight], layout_irregular_city,
          nicolae_trove_entry_crossroad, gammafunk_ghost_grave,
          nicolae_ru_great_annihilating_truth
D:13:     layout_roguey
D:14:     layout_irregular_city, lightli_vaults_fourway_checkpoint,
          ebering_ghost_funeral_grove, minmay_misc_feat_plants
D:15:     hangedman_depths_entry_civil_slaughter, layout_grid_maze
Temple:   eino_temple_scatter_basement
Lair:1:   layout_roguey
Lair:2:   layout_cellular_growth, swamp_mist, gauntlet_entry_generic,
          grunt_megastairs_4
Lair:3:   layout_regular_city, chequers_serial_rivers_room_b,
          minmay_lair_oklob_bushes, infiniplex_staircase_pool
Lair:4:   minmay_guarded_unrand_snakebite, layout_gridlike, dummy_snake_entry,
          basic_altar, forest_entry_grove, minmay_lair_oklob_chamber
Lair:5:   layout_roguey, nicolae_volcano_entry_hallway,
          chequers_serial_rivers_micro_a, serial_bayou_shore_b, uniq_snorg
Lair:6:   grunt_lair_end_beastmaster, layout_big_grid,
          minmay_slime_entry_oklob_open, grunt_forest_stairs_basic, uniq_sonja
Swamp:1:  layout_falls_marsh, evilmike_swamp_ruin_house_3, swamp_pool3
Swamp:2:  layout_basic_swamp, hangedman_swamp_diagram
Swamp:3:  layout_basic_swamp, nicolae_swamp_dense_foliage, uniq_mara
Swamp:4:  swamp_alternative, layout_basic_swamp, swamp_pool3,
          nicolae_swamp_round_clearing
Snake:1:  layout_cave_pods, nicolae_snake_naga_rites, uniq_jorgrun
Snake:2:  minmay_snake_river, layout_cave_town
Snake:3:  layout_misc_corridors
Snake:4:  grunt_snake_rune_serpentine_throne, layout_cave_town, serial_shops,
          bzr_entry_dummy, shop, shop, shop, grunt_megastairs_2
Orc:1:    layout_caves
Orc:2:    st_orc_town, layout_caves, serial_shops, nicolae_shop_trees,
          basic_altar, minmay_shop_enchanted_jewellery, nicolae_alphabet_shops,
          statue_in_the_mist_lemuel
Elf:1:    minmay_elf_arrival_circle, layout_loops_cross,
          ebering_ghost_inner_flame, minmay_elf_sorcery, uniq_azrael
Elf:2:    nicolae_elf_blades_splatter_lattice
          [nicolae_blade_entry_area_security], layout_rooms, serial_shops,
          nicolae_shop_behind_doors, gammafunk_ghost_wrathful_warriors,
          grunt_ministairs_15
Elf:3:    minmay_elf_hall_curves, layout_loops_ring
Vaults:1: st_cross, vaults_room_fours, vaults_room_grunt_arrival_ludios,
          ontoclasm_vaults_ring_square, ontoclasm_vaults_spin,
          ontoclasm_vaults_tryst, v_misc_10, nicolae_vaults_specimen_jars,
          nicolae_vaults_little_squares_3, hangedman_vaults_cutoff,
          ontoclasm_vaults_loading_screen, vaults_dpeg_ring,
          layout_vaults_big_room, serial_shops, shop
Vaults:2: vaults_mumra_hex, vaults_mumra_bighexcomb,
          nicolae_vaults_sealed_display, ontoclasm_vaults_ring_small, v_misc_2,
          hangedman_vaults_slice, v_misc_24, hangedman_vaults_variations,
          vaults_room_boxed, vaults_room_door_ring,
          ontoclasm_vaults_loading_screen, layout_vaults_big_cross,
          serial_shops, shop, uniq_sojobo
Vaults:3: st_star, v_misc_16, nicolae_vaults_gold_heap, hangedman_vaults_trim,
          ontoclasm_vaults_decontamination, ontoclasm_vaults_chip,
          ontoclasm_vaults_twist, minmay_crypt_entry_simple_box,
          layout_vaults_omnigrid, serial_shops, shop
Vaults:4: hangedman_vaults_stitches, vaults_standard_mumra_enter_the_diamond,
          vaults_dpeg_hooks, nicolae_vaults_little_squares_5, v_misc_31,
          vaults_room_fancy_cross, emtedronai_trogs_sanctum,
          nicolae_vaults_diagonal_hallway_6, ontoclasm_vaults_idyll, v_misc_27,
          dpeg_vaults_monster_box, layout_vaults_maze_snakey
Vaults:5: uniq_jory
Crypt:1:  layout_rooms, grunt_ministairs_3
Crypt:2:  layout_basic, amcnicky_mini_rare_corridor_liquid, minivault_23,
          hex_medium
Crypt:3:  grunt_crypt_end_deaths_head, uniq_frederick, uniq_xtahua
Depths:1: layout_basic, enter_ziggurat_d, minmay_misc_feat_square,
          hangedman_abyss_entry_splay, ebering_ghost_rock_garden, hell_entry,
          hangedman_blasphemy, minmay_shop_star
Depths:2: kennysheep_demon_jail, layout_cave_pools, abyss_entry_crystal,
          kennysheep_small_spiral, hellmouth_1, minmay_staircase_statues
Depths:3: nzn_winding_woodlands_small [nzn_winding_woodlands_5x15_lazy_stream,
          nzn_winding_woodlands_center_lodge,
          nzn_winding_woodlands_5x15_parted], layout_cave_pools,
          minmay_crystal_room, rand_demon_pan_entry_7, hell_entry, abyss_entry,
          corexii_corridor_pit
Depths:4: hangedman_arrow_trap, layout_small_grid, abyss_entry,
          serial_bayou_lagoon_a, serial_shops, nicolae_take_the_stairs,
          hangedman_tar_grid_catacomb
Depths:5: grunt_zot_entry_alcove, layout_cave_shapes, hangedman_geh_valley,
          chequers_jeans, grunt_pan_entry_in_and_out,
          grunt_absolute_annihilation
Zig:13

Skill      XL: |  1  2  3  4  5  6  7  8  9 10 11 12 13 14 15 16 17 18 19 20 21 22 23 24 25 26 27 |
---------------+----------------------------------------------------------------------------------+-----
Fighting       | 2 3 4 7 8 9 11 16 17 18 | 18.0
Stealth        | 3 5 7 9 10 11 12 15 18 | 18.0
Fire Magic     | 1 2 |  2.0
Staves         | 1 3 |  3.8
Conjurations   | 2 3 |  3.0
Summonings     | 2 |  2.0
Dodging        | 3 5 7 8 10 11 12 14 15 | 15.0
Short Blades   | 4 7 8 |  8.0
Poison Magic   | 5 |  5.0
Invocations    | 6 8 9 10 12 15 | 15.0
Evocations     | 4 7 |  7.1
Air Magic      | 2 7 8 13 | 13.2
Translocations | 2 |  2.0
Spellcasting   | 4 5 6 7 9 10 11 13 15 | 15.0
Shields        | 7 9 10 14 15 | 15.0
Maces & Flails | 1 6 7 |  7.0
Unarmed Combat | 5 9 14 17 20 21 23 24 | 24.2
Transmutations | 5 9 10 12 15 17 | 17.3
Earth Magic    | 5 9 10 | 10.0

Action                   |  1- 3 |  4- 6 |  7- 9 | 10-12 | 13-15 | 16-18 | 19-21 | 22-24 | 25-27 || total
-------------------------+-------+-------+-------+-------+-------+-------+-------+-------+-------++-------
Melee: Dagger            |    29 |       |       |       |       |       |       |       |       ||    29
       Constrict         |    16 |     2 |    41 |    74 |   173 |   146 |    87 |   124 |   118 ||   781
       Tentacles         |    10 |     2 |    54 |   235 |   502 |   479 |   271 |   223 |   210 ||  1986
       Spear             |    41 |       |       |       |       |       |       |       |       ||    41
       Quarterstaff      |     8 |    15 |       |       |       |       |       |       |       ||    23
       Unarmed           |       |    10 |       |       |       |   192 |   787 |   652 |   987 ||  2628
       Staff             |       |     5 |    18 |       |       |       |       |       |       ||    23
       Quick blade       |       |       |   191 |   542 |   354 |   425 |       |       |       ||  1512
       Whip              |       |       |       |       |   670 |   374 |       |    39 |       ||  1083
       Punch             |       |       |       |       |       |    82 |   188 |   195 |   217 ||   682
 Cast: Magic Dart        |     8 |       |       |     1 |       |       |       |       |       ||     9
       Foxfire           |     2 |    44 |    28 |    21 |       |       |       |       |       ||    95
       Call Imp          |     1 |       |     3 |       |       |       |       |       |       ||     4
       Poisonous Vapours |       |     4 |     6 |       |     1 |       |       |       |       ||    11
       Mephitic Cloud    |       |       |    18 |    63 |    24 |    29 |       |       |       ||   134
       Conjure Flame     |       |       |     2 |     1 |       |       |       |       |       ||     3
       Blink             |       |       |       |    21 |    22 |     8 |       |     3 |     1 ||    55
       Statue Form       |       |       |       |       |       |    19 |    49 |    62 |    50 ||   180
       Apportation       |       |       |       |       |       |       |     8 |       |       ||     8
       Wereblood         |       |       |       |       |       |       |     8 |    36 |    43 ||    87
       Summon Forest     |       |       |       |       |       |       |       |    11 |     3 ||    14
       Fireball          |       |       |       |       |       |       |       |     2 |       ||     2
       Storm Form        |       |       |       |       |       |       |       |       |    23 ||    23
       Passage of Golubr |       |       |       |       |       |       |       |       |    13 ||    13
Invok: Slouch            |       |       |       |       |     8 |     5 |    14 |     2 |     4 ||    33
       Temporal Distorti |       |       |       |       |       |       |       |       |     1 ||     1
 Abil: End Transformatio |       |       |       |       |       |     1 |       |       |       ||     1
       Blinkbolt         |       |       |       |       |       |       |       |       |     3 ||     3
Evoke: Wand              |       |     5 |     8 |    10 |     7 |     5 |     1 |     8 |       ||    44
       Lightning rod     |       |       |     3 |     7 |     5 |       |       |       |       ||    15
       Phial of floods   |       |       |       |       |     2 |       |       |       |       ||     2
       Tin of tremorston |       |       |       |       |     1 |     2 |       |     2 |       ||     5
  Use: Potion            |     2 |     4 |     3 |     8 |     4 |       |     5 |     9 |     6 ||    41
       Scroll            |       |       |    14 |    11 |     4 |     6 |     7 |     5 |     9 ||    56
 Stab: Sleeping          |     6 |       |     4 |    12 |    15 |    23 |     5 |    11 |    11 ||    87
       Distracted        |       |       |     1 |     3 |     3 |     6 |     6 |     6 |     6 ||    31
       Confused          |       |       |     7 |    31 |    16 |    17 |       |       |       ||    71
       Held in net/web   |       |       |       |       |       |       |       |       |     1 ||     1
Armor: Skin              |    13 |    45 |    51 |    69 |   111 |   272 |   310 |   233 |   318 ||  1422
Dodge: Dodged            |    45 |    25 |    88 |   326 |   728 |  1078 |  1024 |  1009 |  1520 ||  5843
Block: Kite shield       |       |       |       |       |   539 |   309 |       |       |   113 ||   961
       Buckler           |       |       |       |       |    20 |   372 |   863 |   617 |   413 ||  2285
       Reflection        |       |       |       |       |       |     1 |     9 |     1 |       ||    11
